[ AOE2 MATCH · #475523944 ]
UnrankedSaracens vs Saracens
[ REPLAY ANALYSIS · EXTRACTED FROM THE RECORDED GAME ]
Feudal
9:07
Castle
23:54
Imperial
—
| APM avg | 50.1 |
| APM peak | 81 |
| eAPM avg | 19.9 |
| Villagers / military | 57 / 62 |
Focus
⚔️ 44.1% · 🌾 55.9%
Archer ×62
Feudal
10:05
Castle
22:33
Imperial
—
| APM avg | 41.0 |
| APM peak | 80 |
| eAPM avg | 17.6 |
| Villagers / military | 63 / 43 |
Focus
⚔️ 35.3% · 🌾 64.7%
Archer ×43
Feudal
8:57
Castle
18:30
Imperial
—
| APM avg | 47.6 |
| APM peak | 89 |
| eAPM avg | 17.3 |
| Villagers / military | 92 / 24 |
Focus
⚔️ 33.6% · 🌾 66.4%
Knight ×20 · Scout Cavalry ×4
Feudal
10:09
Castle
16:41
Imperial
—
| APM avg | 26.9 |
| APM peak | 68 |
| eAPM avg | 10.9 |
| Villagers / military | 52 / 21 |
Focus
⚔️ 16.2% · 🌾 83.8%
Knight ×20 · Monk ×1
Feudal
8:25
Castle
15:39
Imperial
—
| APM avg | 27.8 |
| APM peak | 57 |
| eAPM avg | 13.0 |
| Villagers / military | 74 / 5 |
Focus
⚔️ 21.7% · 🌾 78.3%
Scorpion ×5
Feudal
9:38
Castle
23:59
Imperial
—
| APM avg | 28.8 |
| APM peak | 43 |
| eAPM avg | 14.6 |
| Villagers / military | 59 / 57 |
Focus
⚔️ 31.2% · 🌾 68.8%
Archer ×57
Feudal
10:57
Castle
15:18
Imperial
—
| APM avg | 36.4 |
| APM peak | 77 |
| eAPM avg | 14.8 |
| Villagers / military | 80 / 27 |
Focus
⚔️ 16.2% · 🌾 83.8%
Steppe Lancer ×27
Feudal
10:40
Castle
21:27
Imperial
—
| APM avg | 34.3 |
| APM peak | 79 |
| eAPM avg | 13.8 |
| Villagers / military | 70 / 24 |
Focus
⚔️ 26.7% · 🌾 73.3%
Knight ×17 · Scout Cavalry ×7
Match map
Initial resources + every placement click. Lines = walls · curves = elevation contours. ◆ gold · ⬟ stone · ● berries · ✦ relic · ◌ wall gap
Your base· Open — 3t gap
TheGrainmaker's base· Open — 4t gap
LowEloTG's base· Open — 9t gap
.'s base· Open — 5t gap
acyhjujaxuzjkt's base
Fight2End&NoAfk's base· Open — 1t gap
芭比拍给我看看's base· Open — 4t gap
Long-Long-Way's base· Open — 1t gap
Smoothed initial terrain · ◌ = detected wall gap · hover for details
Inputs per minute
— SKYRIM - - TheGrainmaker
Build order — SKYRIM
First 150 of 164 actions detected
| 0:01 | Create | Villager (Male) ×4 |
| 0:03 | Build | House |
| 0:09 | Build | House |
| 1:30 | Create | Villager (Male) |
| 2:07 | Create | Villager (Male) |
| 2:07 | Create | Villager (Male) |
| 2:13 | Build | Lumber Camp |
| 2:24 | Create | Villager (Male) |
| 2:25 | Create | Villager (Male) |
| 2:47 | Create | Villager (Male) |
| 2:47 | Create | Villager (Male) |
| 3:37 | Create | Villager (Male) |
| 3:37 | Create | Villager (Male) |
| 3:38 | Create | Villager (Male) |
| 3:46 | Build | House |
| 4:22 | Create | Villager (Male) |
| 4:22 | Create | Villager (Male) |
| 4:22 | Create | Villager (Male) |
| 4:32 | Create | Villager (Male) |
| 4:32 | Create | Villager (Male) |
| 4:39 | Create | Villager (Male) |
| 4:40 | Create | Villager (Male) |
| 4:58 | Create | Villager (Male) |
| 4:58 | Create | Villager (Male) |
| 5:44 | Create | Villager (Male) |
| 5:44 | Create | Villager (Male) |
| 6:08 | Build | Mining Camp |
| 6:17 | Create | Villager (Male) |
| 6:57 | Research | Feudal Age |
| 7:35 | Build | Barracks |
| 8:09 | Create | Villager (Male) |
| 8:10 | Create | Villager (Male) |
| 8:38 | Build | House |
| 9:07 | Age | Feudal Age |
| 9:10 | Build | Archery Range |
| 9:14 | Build | Archery Range |
| 9:20 | Create | Villager (Male) |
| 9:41 | Build | House |
| 10:03 | Create | Archer |
| 10:13 | Create | Villager (Male) |
| 10:13 | Create | Villager (Male) |
| 10:16 | Create | Archer |
| 10:22 | Build | Blacksmith |
| 10:34 | Create | Villager (Male) |
| 10:46 | Create | Archer |
| 10:56 | Create | Villager (Male) |
| 11:03 | Build | House |
| 11:06 | Build | Mill |
| 11:36 | Research | Fletching |
| 11:40 | Create | Archer |
| 11:40 | Create | Archer |
| 12:00 | Create | Archer |
| 12:00 | Create | Archer |
| 12:03 | Create | Villager (Male) |
| 12:03 | Create | Villager (Male) |
| 12:28 | Create | Archer |
| 12:49 | Create | Archer |
| 12:49 | Create | Archer |
| 12:58 | Build | House |
| 13:02 | Build | House |
| 13:39 | Create | Archer |
| 13:39 | Create | Archer |
| 13:41 | Create | Villager (Male) |
| 13:41 | Create | Villager (Male) |
| 13:41 | Create | Villager (Male) |
| 14:33 | Create | Archer |
| 14:33 | Create | Archer |
| 14:34 | Create | Villager (Male) |
| 14:34 | Create | Villager (Male) |
| 14:36 | Build | Farm |
| 14:37 | Build | Farm |
| 14:37 | Build | Farm |
| 14:40 | Build | Farm |
| 14:41 | Build | Farm |
| 14:53 | Create | Archer |
| 15:06 | Create | Archer |
| 15:06 | Create | Archer |
| 16:05 | Create | Archer |
| 16:06 | Create | Archer |
| 16:14 | Create | Archer |
| 16:17 | Research | Padded Archer Armor |
| 16:18 | Create | Villager (Male) |
| 16:18 | Create | Villager (Male) |
| 16:20 | Build | Farm |
| 16:30 | Create | Archer |
| 16:44 | Create | Archer |
| 16:49 | Create | Villager (Male) |
| 16:49 | Create | Villager (Male) |
| 16:51 | Build | Farm |
| 16:57 | Create | Archer |
| 17:04 | Create | Archer |
| 17:05 | Create | Archer |
| 17:07 | Create | Villager (Male) |
| 17:11 | Build | Farm |
| 17:20 | Create | Archer |
| 17:22 | Build | House |
| 17:27 | Build | House |
| 17:28 | Build | House |
| 17:30 | Create | Archer |
| 17:42 | Create | Archer |
| 17:44 | Create | Villager (Male) |
| 17:44 | Create | Villager (Male) |
| 17:44 | Create | Villager (Male) |
| 18:08 | Build | Farm |
| 18:36 | Create | Archer |
| 18:36 | Create | Archer |
| 18:44 | Create | Villager (Male) |
| 18:45 | Build | Farm |
| 18:46 | Create | Villager (Male) |
| 18:57 | Build | Archery Range |
| 18:58 | Build | House |
| 19:10 | Create | Villager (Male) |
| 19:25 | Build | Farm |
| 19:41 | Create | Archer |
| 19:58 | Create | Archer |
| 19:59 | Create | Archer |
| 20:09 | Build | House |
| 20:13 | Create | Villager (Male) |
| 20:35 | Build | Market |
| 20:44 | Create | Archer |
| 20:44 | Create | Archer |
| 20:52 | Build | Farm |
| 21:08 | Create | Archer |
| 21:09 | Create | Archer |
| 21:10 | Research | Castle Age |
| 21:10 | Research | Castle Age |
| 21:14 | Research | Castle Age |
| 21:16 | Create | Villager (Male) |
| 21:26 | Build | Lumber Camp |
| 21:32 | Create | Archer |
| 21:32 | Create | Archer |
| 21:38 | Build | House |
| 21:52 | Research | Loom |
| 21:53 | Create | Villager (Male) |
| 21:57 | Research | Double-Bit Axe |
| 22:11 | Research | Horse Collar |
| 22:11 | Research | Horse Collar |
| 22:15 | Create | Archer |
| 22:15 | Create | Archer |
| 22:24 | Create | Archer |
| 22:24 | Create | Archer |
| 22:30 | Create | Archer |
| 22:30 | Create | Archer |
| 22:45 | Build | House |
| 22:46 | Build | House |
| 23:01 | Create | Archer |
| 23:05 | Research | Gold Mining |
| 23:10 | Build | House |
| 23:17 | Create | Archer |
| 23:18 | Create | Archer |
Build order — TheGrainmaker
First 150 of 178 actions detected
| 0:00 | Create | Villager (Male) |
| 0:01 | Create | Villager (Male) |
| 0:02 | Build | House |
| 0:04 | Build | House |
| 0:44 | Create | Villager (Male) |
| 0:45 | Create | Villager (Male) |
| 1:26 | Create | Villager (Male) |
| 1:57 | Build | Lumber Camp |
| 2:04 | Create | Villager (Male) |
| 2:19 | Create | Villager (Male) |
| 2:51 | Create | Villager (Male) |
| 3:05 | Create | Villager (Male) |
| 3:39 | Create | Villager (Male) |
| 3:50 | Build | House |
| 3:59 | Create | Villager (Male) |
| 4:53 | Create | Villager (Male) |
| 4:54 | Create | Villager (Male) |
| 5:37 | Create | Villager (Male) |
| 5:37 | Create | Villager (Male) |
| 5:51 | Create | Villager (Male) |
| 6:04 | Create | Villager (Male) |
| 6:12 | Build | House |
| 6:15 | Create | Villager (Male) |
| 7:00 | Build | Mill |
| 7:41 | Create | Villager (Male) |
| 7:55 | Research | Feudal Age |
| 7:55 | Research | Feudal Age |
| 8:38 | Build | Mining Camp |
| 8:43 | Build | House |
| 9:04 | Build | Barracks |
| 9:27 | Create | Villager (Male) |
| 10:05 | Age | Feudal Age |
| 10:23 | Create | Villager (Male) |
| 10:42 | Build | Archery Range |
| 10:44 | Build | Archery Range |
| 10:46 | Research | Double-Bit Axe |
| 10:52 | Create | Villager (Male) |
| 11:01 | Create | Villager (Male) |
| 11:05 | Research | Gold Mining |
| 11:20 | Build | House |
| 11:26 | Create | Villager (Male) |
| 11:35 | Create | Archer |
| 11:35 | Create | Archer |
| 11:42 | Build | Blacksmith |
| 11:47 | Build | House |
| 11:49 | Create | Villager (Male) |
| 11:50 | Create | Archer |
| 11:51 | Create | Archer |
| 12:16 | Create | Archer |
| 12:16 | Create | Archer |
| 12:29 | Build | House |
| 12:30 | Create | Villager (Male) |
| 12:50 | Create | Villager (Male) |
| 13:00 | Build | Market |
| 13:03 | Build | House |
| 13:05 | Create | Villager (Male) |
| 13:06 | Create | Archer |
| 13:06 | Create | Archer |
| 13:46 | Create | Archer |
| 13:46 | Create | Archer |
| 13:47 | Create | Villager (Male) |
| 13:54 | Build | Farm |
| 13:56 | Build | Farm |
| 14:11 | Create | Archer |
| 14:12 | Create | Archer |
| 14:17 | Create | Villager (Male) |
| 14:18 | Create | Villager (Male) |
| 14:26 | Create | Archer |
| 14:27 | Create | Archer |
| 14:32 | Build | Farm |
| 14:39 | Build | House |
| 14:40 | Create | Villager (Male) |
| 14:43 | Research | Fletching |
| 14:44 | Research | Fletching |
| 14:51 | Create | Villager (Male) |
| 14:53 | Build | Farm |
| 15:06 | Build | House |
| 15:07 | Build | House |
| 15:11 | Build | Farm |
| 15:19 | Create | Villager (Male) |
| 15:30 | Create | Villager (Male) |
| 15:31 | Create | Archer |
| 15:31 | Create | Archer |
| 15:35 | Build | Farm |
| 15:43 | Build | Farm |
| 15:45 | Create | Archer |
| 15:45 | Create | Archer |
| 15:59 | Create | Villager (Male) |
| 16:10 | Build | House |
| 16:12 | Build | Farm |
| 16:15 | Build | Farm |
| 16:34 | Create | Villager (Male) |
| 16:35 | Create | Archer |
| 16:36 | Create | Archer |
| 16:57 | Create | Villager (Male) |
| 16:58 | Create | Archer |
| 16:58 | Create | Archer |
| 17:01 | Build | House |
| 17:02 | Build | House |
| 17:05 | Build | Farm |
| 17:07 | Build | Farm |
| 17:36 | Create | Villager (Male) |
| 17:37 | Create | Archer |
| 17:37 | Create | Archer |
| 17:45 | Create | Archer |
| 17:45 | Create | Archer |
| 17:51 | Create | Villager (Male) |
| 17:54 | Build | House |
| 17:57 | Build | House |
| 18:00 | Build | Farm |
| 18:01 | Build | Farm |
| 18:06 | Build | Farm |
| 18:27 | Create | Villager (Male) |
| 18:28 | Create | Archer |
| 18:28 | Create | Archer |
| 18:30 | Build | House |
| 18:34 | Build | Farm |
| 18:46 | Create | Villager (Male) |
| 19:07 | Create | Villager (Male) |
| 19:10 | Build | Farm |
| 19:13 | Build | Farm |
| 19:28 | Create | Archer |
| 19:29 | Create | Archer |
| 19:53 | Research | Castle Age |
| 19:53 | Research | Castle Age |
| 20:06 | Research | Padded Archer Armor |
| 20:34 | Create | Archer |
| 20:34 | Create | Archer |
| 20:45 | Create | Archer |
| 20:46 | Create | Archer |
| 20:58 | Create | Archer |
| 21:18 | Create | Archer |
| 21:18 | Create | Archer |
| 22:13 | Create | Archer |
| 22:13 | Create | Archer |
| 22:20 | Research | Loom |
| 22:21 | Create | Villager (Male) |
| 22:33 | Age | Castle Age |
| 22:34 | Research | Crossbowman (upgrade) |
| 22:35 | Research | Bodkin Arrow |
| 22:45 | Research | Thumb Ring |
| 22:50 | Build | Town Center |
| 23:14 | Build | Town Center |
| 23:16 | Create | Villager (Male) |
| 23:33 | Create | Archer |
| 23:33 | Create | Archer |
| 23:52 | Create | Archer |
| 23:53 | Create | Villager (Male) |
| 23:53 | Create | Villager (Male) |
| 23:54 | Create | Villager (Male) |
Build order — LowEloTG
First 150 of 212 actions detected
| 0:01 | Create | Villager (Male) |
| 0:02 | Create | Villager (Male) |
| 0:04 | Build | House |
| 0:04 | Create | Villager (Male) |
| 0:05 | Build | House |
| 0:06 | Create | Villager (Male) |
| 0:12 | Create | Villager (Male) |
| 1:31 | Create | Villager (Male) |
| 1:50 | Build | Lumber Camp |
| 2:01 | Create | Villager (Male) |
| 2:14 | Create | Villager (Male) |
| 2:14 | Create | Villager (Male) |
| 2:57 | Create | Villager (Male) |
| 3:09 | Create | Villager (Male) |
| 3:43 | Build | House |
| 3:47 | Build | House |
| 4:00 | Create | Villager (Male) |
| 4:03 | Create | Villager (Male) |
| 4:16 | Create | Villager (Male) |
| 4:19 | Build | Mill |
| 4:41 | Create | Villager (Male) |
| 5:36 | Create | Villager (Male) |
| 5:46 | Build | House |
| 5:55 | Create | Villager (Male) |
| 5:56 | Create | Villager (Male) |
| 6:53 | Research | Feudal Age |
| 7:50 | Create | Villager (Male) |
| 8:03 | Build | Barracks |
| 8:46 | Create | Villager (Male) |
| 8:57 | Age | Feudal Age |
| 8:59 | Build | Stable |
| 9:00 | Create | Villager (Male) |
| 9:02 | Build | House |
| 9:07 | Research | Double-Bit Axe |
| 9:09 | Research | Horse Collar |
| 9:23 | Create | Villager (Male) |
| 9:39 | Create | Villager (Male) |
| 9:39 | Create | Scout Cavalry |
| 9:54 | Create | Villager (Male) |
| 9:59 | Build | Farm |
| 9:59 | Build | Farm |
| 10:00 | Build | Farm |
| 10:05 | Build | House |
| 10:07 | Build | House |
| 10:12 | Build | Farm |
| 10:31 | Create | Villager (Male) |
| 10:33 | Create | Scout Cavalry |
| 10:34 | Create | Villager (Male) |
| 10:36 | Build | Farm |
| 10:37 | Build | Farm |
| 10:44 | Build | Farm |
| 11:02 | Create | Villager (Male) |
| 11:17 | Create | Villager (Male) |
| 11:20 | Build | Farm |
| 11:21 | Build | Farm |
| 11:27 | Build | House |
| 11:40 | Create | Villager (Male) |
| 11:47 | Build | Farm |
| 11:53 | Build | House |
| 12:02 | Create | Villager (Male) |
| 12:08 | Create | Villager (Male) |
| 12:17 | Create | Villager (Male) |
| 12:22 | Build | Farm |
| 12:28 | Research | Wheelbarrow |
| 12:48 | Build | Mining Camp |
| 13:09 | Build | House |
| 13:10 | Build | House |
| 13:13 | Create | Villager (Male) |
| 13:16 | Create | Scout Cavalry |
| 14:08 | Create | Villager (Male) |
| 14:59 | Build | House |
| 15:15 | Create | Villager (Male) |
| 15:17 | Research | Loom |
| 15:22 | Build | Blacksmith |
| 16:04 | Research | Castle Age |
| 16:19 | Research | Scale Barding Armor |
| 16:32 | Build | Stable |
| 16:43 | Build | Stable |
| 17:00 | Research | Bloodlines |
| 17:02 | Create | Scout Cavalry |
| 17:08 | Build | Farm |
| 17:08 | Build | Farm |
| 17:10 | Build | Farm |
| 17:15 | Build | Farm |
| 17:18 | Build | Farm |
| 17:19 | Build | Farm |
| 17:56 | Build | Farm |
| 17:57 | Build | Farm |
| 18:30 | Age | Castle Age |
| 18:33 | Research | Chain Barding Armor |
| 18:34 | Research | Light Cavalry (upgrade) |
| 18:39 | Create | Villager (Male) |
| 18:48 | Build | Town Center |
| 19:11 | Create | Knight |
| 19:12 | Create | Villager (Male) |
| 19:13 | Create | Villager (Male) |
| 19:22 | Research | Bow Saw |
| 19:44 | Create | Villager (Male) |
| 19:44 | Create | Villager (Male) |
| 19:45 | Create | Knight |
| 19:45 | Create | Knight |
| 19:59 | Create | Villager (Male) |
| 19:59 | Create | Villager (Male) |
| 20:25 | Create | Villager (Male) |
| 20:31 | Create | Villager (Male) |
| 20:34 | Build | Farm |
| 20:42 | Create | Villager (Male) |
| 20:48 | Build | Town Center |
| 20:51 | Create | Knight |
| 20:51 | Create | Knight |
| 20:51 | Create | Knight |
| 20:52 | Create | Knight |
| 21:11 | Create | Villager (Male) |
| 21:27 | Create | Villager (Male) |
| 21:28 | Create | Villager (Male) |
| 21:29 | Create | Villager (Male) |
| 21:30 | Create | Villager (Male) |
| 21:35 | Build | Farm |
| 21:36 | Build | Farm |
| 21:50 | Research | Husbandry |
| 21:51 | Create | Villager (Male) |
| 21:56 | Build | Lumber Camp |
| 22:02 | Build | Farm |
| 22:03 | Create | Villager (Male) |
| 22:09 | Research | Heavy Plow |
| 22:10 | Create | Villager (Male) |
| 22:16 | Create | Villager (Male) |
| 22:18 | Build | Farm |
| 22:32 | Create | Villager (Male) |
| 22:37 | Create | Villager (Male) |
| 22:44 | Create | Villager (Male) |
| 22:46 | Create | Villager (Male) |
| 22:47 | Create | Villager (Male) |
| 22:50 | Build | House |
| 22:51 | Build | House |
| 22:53 | Build | Farm |
| 23:02 | Create | Villager (Male) |
| 23:12 | Create | Villager (Male) |
| 23:18 | Create | Villager (Male) |
| 23:18 | Create | Villager (Male) |
| 23:23 | Build | Farm |
| 23:24 | Build | Farm |
| 23:26 | Build | Farm |
| 23:27 | Build | Farm |
| 23:28 | Create | Villager (Male) |
| 23:34 | Create | Villager (Male) |
| 23:41 | Build | Farm |
| 23:42 | Build | Farm |
| 23:50 | Create | Knight |
| 23:51 | Create | Knight |
Build order — .
141 actions detected in the replay
| 0:02 | Create | Villager (Male) |
| 0:02 | Create | Villager (Male) |
| 0:03 | Create | Villager (Male) |
| 0:05 | Build | House |
| 0:38 | Build | House |
| 0:39 | Build | House |
| 0:40 | Build | House |
| 0:58 | Create | Villager (Male) |
| 0:59 | Create | Villager (Male) |
| 1:35 | Create | Villager (Male) |
| 2:11 | Create | Villager (Male) |
| 2:20 | Build | Lumber Camp |
| 2:30 | Create | Villager (Male) |
| 3:13 | Create | Villager (Male) |
| 3:19 | Create | Villager (Male) |
| 4:04 | Create | Villager (Male) |
| 4:05 | Create | Villager (Male) |
| 4:05 | Create | Villager (Male) |
| 5:02 | Create | Villager (Male) |
| 5:04 | Build | Mill |
| 5:14 | Create | Villager (Male) |
| 5:41 | Create | Villager (Male) |
| 6:12 | Create | Villager (Male) |
| 6:34 | Create | Villager (Male) |
| 7:02 | Create | Villager (Male) |
| 7:37 | Create | Villager (Male) |
| 8:05 | Research | Feudal Age |
| 8:06 | Research | Feudal Age |
| 8:46 | Build | Barracks |
| 10:00 | Create | Villager (Male) |
| 10:00 | Create | Villager (Male) |
| 10:05 | Build | House |
| 10:09 | Age | Feudal Age |
| 10:17 | Build | Stable |
| 10:21 | Research | Double-Bit Axe |
| 10:24 | Research | Horse Collar |
| 10:42 | Build | Mining Camp |
| 10:46 | Create | Villager (Male) |
| 11:17 | Create | Villager (Male) |
| 11:28 | Build | House |
| 11:39 | Build | Blacksmith |
| 11:51 | Create | Villager (Male) |
| 12:07 | Create | Villager (Male) |
| 12:23 | Build | Farm |
| 12:28 | Build | Farm |
| 12:33 | Build | Farm |
| 12:43 | Create | Villager (Male) |
| 12:48 | Build | Farm |
| 12:59 | Build | Farm |
| 13:07 | Create | Villager (Male) |
| 13:18 | Build | Farm |
| 13:32 | Create | Villager (Male) |
| 13:34 | Build | Farm |
| 13:49 | Build | House |
| 14:01 | Build | Farm |
| 14:15 | Research | Castle Age |
| 14:34 | Build | Stable |
| 14:44 | Build | Farm |
| 14:45 | Build | Farm |
| 14:55 | Research | Gold Mining |
| 15:31 | Build | Farm |
| 15:35 | Build | Farm |
| 15:56 | Research | Bloodlines |
| 16:07 | Build | Farm |
| 16:12 | Build | Farm |
| 16:13 | Build | Farm |
| 16:30 | Build | House |
| 16:37 | Create | Villager (Male) |
| 16:41 | Age | Castle Age |
| 16:42 | Create | Knight |
| 16:42 | Create | Knight |
| 17:05 | Create | Villager (Male) |
| 17:08 | Create | Knight |
| 17:13 | Build | Farm |
| 17:25 | Create | Villager (Male) |
| 17:37 | Build | Town Center |
| 17:40 | Create | Knight |
| 17:52 | Create | Villager (Male) |
| 17:52 | Create | Villager (Male) |
| 18:15 | Create | Knight |
| 18:39 | Create | Knight |
| 18:43 | Create | Villager (Male) |
| 18:49 | Build | House |
| 18:51 | Build | House |
| 19:03 | Research | Husbandry |
| 19:17 | Create | Knight |
| 19:43 | Create | Villager (Male) ×3 |
| 20:09 | Build | Farm |
| 20:13 | Build | Farm |
| 20:13 | Build | Farm |
| 20:14 | Build | Farm |
| 20:35 | Research | Scale Barding Armor |
| 20:44 | Research | Bow Saw |
| 20:49 | Build | Farm |
| 21:11 | Research | Heavy Plow |
| 21:58 | Research | Chain Barding Armor |
| 22:17 | Research | Loom |
| 22:22 | Create | Villager (Male) |
| 22:25 | Create | Knight |
| 22:25 | Create | Knight |
| 22:47 | Research | Forging |
| 22:56 | Build | House |
| 22:57 | Build | House |
| 22:57 | Build | House |
| 22:57 | Build | House |
| 22:58 | Build | House |
| 22:59 | Build | House |
| 23:04 | Build | Stable |
| 23:11 | Create | Knight |
| 23:13 | Create | Knight |
| 23:14 | Create | Villager (Male) |
| 23:42 | Create | Villager (Male) |
| 23:55 | Build | Town Center |
| 24:00 | Create | Knight |
| 24:01 | Create | Knight |
| 24:03 | Create | Villager (Male) |
| 24:03 | Create | Villager (Male) |
| 24:28 | Research | Wheelbarrow |
| 24:28 | Create | Villager (Male) |
| 25:05 | Create | Knight |
| 25:05 | Create | Knight |
| 25:19 | Create | Knight |
| 25:20 | Create | Knight |
| 25:21 | Create | Knight |
| 25:22 | Create | Villager (Male) |
| 25:22 | Create | Villager (Male) |
| 25:23 | Create | Villager (Male) |
| 25:36 | Create | Knight |
| 25:58 | Create | Villager (Male) |
| 26:02 | Build | Monastery |
| 26:32 | Create | Villager (Male) |
| 26:32 | Create | Villager (Male) |
| 26:32 | Create | Villager (Male) |
| 26:37 | Build | Farm |
| 26:37 | Build | Farm |
| 26:39 | Build | Farm |
| 26:40 | Build | Farm |
| 26:49 | Create | Knight |
| 27:15 | Create | Villager (Male) |
| 27:16 | Research | Iron Casting |
| 27:17 | Create | Monk |
Build order — acyhjujaxuzjkt
146 actions detected in the replay
| 0:01 | Create | Villager (Male) |
| 0:02 | Create | Villager (Male) |
| 0:02 | Create | Villager (Male) |
| 0:04 | Build | House |
| 0:10 | Create | Villager (Male) |
| 0:10 | Create | Villager (Male) |
| 1:26 | Create | Villager (Male) |
| 1:27 | Create | Villager (Male) |
| 1:48 | Build | Lumber Camp |
| 1:51 | Build | House |
| 2:07 | Create | Villager (Male) |
| 2:07 | Create | Villager (Male) |
| 2:17 | Create | Villager (Male) |
| 2:53 | Create | Villager (Male) |
| 2:54 | Create | Villager (Male) |
| 2:54 | Create | Villager (Male) |
| 3:16 | Create | Villager (Male) |
| 3:16 | Create | Villager (Male) |
| 3:22 | Build | House |
| 3:35 | Create | Villager (Male) |
| 3:35 | Create | Villager (Male) |
| 3:55 | Create | Villager (Male) |
| 3:55 | Create | Villager (Male) |
| 3:56 | Create | Villager (Male) |
| 3:59 | Create | Villager (Male) |
| 3:59 | Create | Villager (Male) |
| 4:26 | Create | Villager (Male) |
| 4:58 | Create | Villager (Male) |
| 5:32 | Build | Mining Camp |
| 6:15 | Research | Feudal Age |
| 6:58 | Build | House |
| 7:31 | Create | Villager (Male) |
| 8:05 | Build | Mill |
| 8:16 | Create | Villager (Male) |
| 8:25 | Age | Feudal Age |
| 8:37 | Build | House |
| 8:58 | Create | Villager (Male) |
| 9:22 | Create | Villager (Male) |
| 9:28 | Build | House |
| 9:32 | Build | House |
| 9:36 | Build | Palisade Wall |
| 9:42 | Create | Villager (Male) |
| 10:03 | Create | Villager (Male) |
| 10:17 | Create | Villager (Male) |
| 10:29 | Build | Farm |
| 10:57 | Build | Farm |
| 11:12 | Create | Villager (Male) |
| 11:27 | Build | House |
| 11:38 | Build | Farm |
| 11:41 | Create | Villager (Male) |
| 11:47 | Build | Farm |
| 12:08 | Build | Farm |
| 12:11 | Create | Villager (Male) |
| 12:14 | Build | House |
| 12:25 | Build | Farm |
| 12:47 | Build | House |
| 12:54 | Build | House |
| 12:58 | Build | Farm |
| 12:59 | Research | Castle Age |
| 13:45 | Research | Double-Bit Axe |
| 13:49 | Research | Horse Collar |
| 14:08 | Research | Stone Mining |
| 14:08 | Research | Stone Mining |
| 14:45 | Build | House |
| 14:52 | Build | Watch Tower |
| 14:56 | Build | House |
| 15:05 | Create | Villager (Male) |
| 15:10 | Research | Loom |
| 15:10 | Research | Loom |
| 15:27 | Build | Stone Wall |
| 15:39 | Age | Castle Age |
| 15:39 | Create | Villager (Male) |
| 15:46 | Build | Mining Camp |
| 16:01 | Build | Siege Workshop |
| 16:25 | Build | House |
| 16:40 | Build | House |
| 17:00 | Create | Scorpion |
| 17:01 | Create | Scorpion |
| 17:05 | Create | Villager (Male) |
| 17:06 | Create | Villager (Male) |
| 17:44 | Create | Villager (Male) |
| 17:48 | Create | Villager (Male) |
| 18:02 | Create | Villager (Male) |
| 18:02 | Create | Villager (Male) |
| 18:09 | Create | Villager (Male) |
| 18:21 | Create | Villager (Male) |
| 18:40 | Create | Scorpion |
| 18:44 | Create | Villager (Male) |
| 19:01 | Build | House |
| 19:10 | Create | Villager (Male) |
| 19:15 | Build | House |
| 19:30 | Create | Villager (Male) |
| 19:54 | Create | Villager (Male) |
| 19:58 | Build | House |
| 20:19 | Create | Villager (Male) |
| 20:46 | Create | Villager (Male) |
| 20:50 | Build | Farm |
| 21:02 | Build | Town Center |
| 21:16 | Build | Building 796 |
| 21:19 | Create | Villager (Male) |
| 21:25 | Build | Farm |
| 21:26 | Build | Farm |
| 21:38 | Create | Villager (Male) |
| 21:47 | Research | Bow Saw |
| 22:03 | Research | Heavy Plow |
| 22:09 | Build | House |
| 22:22 | Create | Villager (Male) |
| 22:28 | Build | Farm |
| 22:29 | Build | Farm |
| 22:31 | Build | Farm |
| 22:35 | Create | Villager (Male) |
| 23:01 | Build | Farm |
| 23:03 | Build | Farm |
| 23:04 | Build | Farm |
| 23:05 | Build | Farm |
| 23:08 | Create | Villager (Male) |
| 23:19 | Build | Farm |
| 23:22 | Research | Gold Mining |
| 23:38 | Create | Villager (Male) |
| 23:40 | Create | Villager (Male) |
| 23:52 | Build | Lumber Camp |
| 24:00 | Create | Villager (Male) |
| 24:02 | Create | Villager (Male) |
| 24:03 | Build | Farm |
| 24:23 | Create | Villager (Male) |
| 24:25 | Create | Villager (Male) |
| 24:34 | Build | House |
| 24:38 | Create | Villager (Male) |
| 24:47 | Create | Villager (Male) |
| 25:02 | Create | Villager (Male) |
| 25:11 | Create | Villager (Male) |
| 25:12 | Create | Villager (Male) |
| 25:14 | Create | Villager (Male) |
| 25:16 | Create | Villager (Male) |
| 25:23 | Create | Scorpion |
| 25:23 | Create | Scorpion |
| 25:39 | Create | Villager (Male) |
| 25:44 | Research | Wheelbarrow |
| 25:44 | Research | Wheelbarrow |
| 25:48 | Create | Villager (Male) |
| 25:50 | Create | Villager (Male) |
| 26:10 | Build | Castle |
| 26:14 | Build | House |
| 26:17 | Create | Villager (Male) |
| 26:19 | Create | Villager (Male) |
| 26:52 | Create | Villager (Male) |
Build order — Fight2End&NoAfk
First 150 of 180 actions detected
| 0:38 | Create | Villager (Male) |
| 0:38 | Create | Villager (Male) |
| 0:39 | Create | Villager (Male) |
| 0:40 | Build | House |
| 0:42 | Build | House |
| 0:48 | Create | Villager (Male) |
| 0:48 | Create | Villager (Male) |
| 2:01 | Create | Villager (Male) |
| 2:01 | Create | Villager (Male) |
| 2:02 | Create | Villager (Male) |
| 2:24 | Build | Lumber Camp |
| 2:40 | Create | Villager (Male) |
| 2:41 | Create | Villager (Male) |
| 2:52 | Create | Villager (Male) |
| 3:25 | Create | Villager (Male) |
| 3:25 | Create | Villager (Male) |
| 3:25 | Create | Villager (Male) |
| 3:39 | Build | House |
| 3:47 | Create | Villager (Male) |
| 3:47 | Create | Villager (Male) |
| 4:11 | Create | Villager (Male) |
| 4:12 | Create | Villager (Male) |
| 4:12 | Create | Villager (Male) |
| 4:57 | Create | Villager (Male) |
| 4:57 | Create | Villager (Male) |
| 4:58 | Create | Villager (Male) |
| 5:11 | Create | Villager (Male) |
| 5:11 | Create | Villager (Male) |
| 5:29 | Build | House |
| 5:47 | Create | Villager (Male) |
| 5:47 | Create | Villager (Male) |
| 5:47 | Create | Villager (Male) |
| 6:18 | Build | Mining Camp |
| 6:20 | Create | Villager (Male) |
| 6:20 | Create | Villager (Male) |
| 6:41 | Create | Villager (Male) |
| 7:28 | Research | Feudal Age |
| 7:47 | Build | Lumber Camp |
| 8:23 | Build | Palisade Wall |
| 8:23 | Build | Palisade Wall |
| 8:47 | Build | Barracks |
| 9:38 | Age | Feudal Age |
| 9:43 | Build | Archery Range |
| 9:44 | Create | Villager (Male) |
| 9:44 | Create | Villager (Male) |
| 10:05 | Create | Villager (Male) |
| 10:11 | Build | Archery Range |
| 10:16 | Research | Double-Bit Axe |
| 10:31 | Create | Villager (Male) |
| 10:34 | Create | Archer |
| 10:39 | Build | House |
| 11:08 | Create | Archer |
| 11:10 | Build | Blacksmith |
| 11:14 | Build | House |
| 11:18 | Create | Archer |
| 11:18 | Create | Archer |
| 11:22 | Create | Archer |
| 11:22 | Create | Archer |
| 11:25 | Create | Villager (Male) |
| 11:25 | Create | Villager (Male) |
| 11:47 | Build | Mill |
| 11:53 | Create | Villager (Male) |
| 11:53 | Create | Villager (Male) |
| 11:57 | Create | Archer |
| 11:57 | Create | Archer |
| 12:03 | Build | House |
| 12:15 | Create | Archer |
| 12:16 | Create | Archer |
| 12:30 | Build | House |
| 12:34 | Create | Archer |
| 12:35 | Create | Archer |
| 12:37 | Create | Villager (Male) |
| 13:26 | Research | Fletching |
| 13:33 | Build | Farm |
| 13:34 | Build | Farm |
| 13:36 | Create | Archer |
| 13:36 | Create | Archer |
| 13:40 | Build | House |
| 13:41 | Build | House |
| 13:49 | Build | Farm |
| 13:51 | Build | Farm |
| 14:02 | Build | Farm |
| 14:12 | Create | Archer |
| 14:12 | Create | Archer |
| 14:12 | Create | Archer |
| 14:33 | Create | Villager (Male) |
| 14:44 | Research | Padded Archer Armor |
| 14:48 | Build | Farm |
| 15:12 | Build | Archery Range |
| 15:19 | Create | Archer |
| 15:24 | Create | Villager (Male) |
| 15:27 | Build | Farm |
| 16:11 | Build | Building 796 |
| 16:13 | Create | Archer |
| 16:13 | Create | Archer |
| 16:14 | Create | Archer |
| 16:15 | Create | Archer |
| 16:17 | Research | Wheelbarrow |
| 16:26 | Create | Villager (Male) |
| 16:31 | Build | House |
| 16:32 | Build | House |
| 16:33 | Build | House |
| 16:36 | Build | House |
| 16:48 | Create | Archer |
| 16:48 | Create | Archer |
| 16:48 | Create | Archer |
| 17:09 | Research | Loom |
| 17:12 | Build | Farm |
| 17:13 | Build | Farm |
| 17:37 | Research | Gold Mining |
| 17:38 | Research | Horse Collar |
| 17:44 | Create | Villager (Male) |
| 17:44 | Create | Villager (Male) |
| 17:45 | Create | Archer |
| 17:48 | Create | Archer |
| 17:48 | Create | Archer |
| 18:38 | Create | Archer |
| 18:38 | Create | Archer |
| 18:45 | Create | Villager (Male) |
| 19:08 | Create | Villager (Male) |
| 19:08 | Create | Villager (Male) |
| 19:24 | Build | Farm |
| 19:26 | Build | Farm |
| 20:04 | Create | Villager (Male) |
| 20:06 | Build | Farm |
| 20:18 | Create | Villager (Male) |
| 20:22 | Build | Market |
| 20:40 | Create | Villager (Male) |
| 20:41 | Create | Archer |
| 20:42 | Create | Archer |
| 21:00 | Build | Archery Range |
| 21:10 | Research | Castle Age |
| 21:10 | Research | Castle Age |
| 21:10 | Research | Castle Age |
| 21:14 | Create | Archer |
| 21:36 | Create | Archer |
| 21:37 | Create | Archer |
| 21:37 | Create | Archer |
| 21:37 | Create | Archer |
| 21:37 | Create | Archer |
| 21:41 | Create | Archer |
| 21:42 | Create | Archer |
| 22:06 | Create | Archer |
| 22:07 | Create | Archer |
| 22:08 | Create | Archer |
| 22:35 | Create | Archer |
| 22:36 | Create | Archer |
| 22:55 | Create | Archer |
| 22:56 | Create | Archer |
| 22:57 | Create | Archer |
Build order — 芭比拍给我看看
First 150 of 199 actions detected
| 0:02 | Create | Villager (Male) |
| 0:03 | Create | Villager (Male) |
| 0:03 | Create | Villager (Male) |
| 0:05 | Build | House |
| 0:08 | Build | House |
| 0:31 | Create | Villager (Male) |
| 1:42 | Create | Villager (Male) |
| 1:46 | Build | Lumber Camp |
| 1:55 | Create | Villager (Male) |
| 2:10 | Create | Villager (Male) |
| 2:31 | Create | Villager (Male) |
| 3:15 | Create | Villager (Male) |
| 3:23 | Create | Villager (Male) |
| 3:26 | Build | House |
| 3:28 | Build | House |
| 3:56 | Build | House |
| 4:04 | Create | Villager (Male) |
| 4:37 | Create | Villager (Male) |
| 4:41 | Create | Villager (Male) |
| 5:16 | Create | Villager (Male) |
| 5:21 | Create | Villager (Male) |
| 5:39 | Create | Villager (Male) |
| 5:57 | Build | Mill |
| 6:01 | Create | Villager (Male) |
| 6:43 | Create | Villager (Male) |
| 6:58 | Create | Villager (Male) |
| 7:16 | Create | Villager (Male) |
| 7:33 | Build | Farm |
| 8:07 | Create | Villager (Male) |
| 8:34 | Build | Mining Camp |
| 8:35 | Research | Feudal Age |
| 9:26 | Build | Barracks |
| 9:51 | Create | Villager (Male) |
| 9:52 | Create | Villager (Male) |
| 10:57 | Age | Feudal Age |
| 11:02 | Build | Stable |
| 11:33 | Create | Villager (Male) |
| 11:42 | Build | House |
| 11:53 | Build | Blacksmith |
| 12:09 | Create | Villager (Male) |
| 12:32 | Research | Castle Age |
| 12:35 | Research | Double-Bit Axe |
| 12:38 | Research | Horse Collar |
| 12:40 | Build | House |
| 12:53 | Build | Farm |
| 12:59 | Build | Farm |
| 13:08 | Build | House |
| 13:13 | Build | Farm |
| 13:28 | Build | Farm |
| 13:42 | Build | Farm |
| 13:59 | Research | Bloodlines |
| 14:04 | Research | Scale Barding Armor |
| 14:15 | Build | Stable |
| 14:22 | Build | Farm |
| 14:25 | Build | Farm |
| 14:53 | Create | Villager (Male) |
| 15:18 | Age | Castle Age |
| 15:23 | Build | Farm |
| 15:23 | Build | Farm |
| 15:24 | Build | Farm |
| 15:28 | Create | Steppe Lancer |
| 15:29 | Create | Steppe Lancer |
| 15:32 | Create | Villager (Male) |
| 15:35 | Build | House |
| 15:36 | Build | House |
| 15:44 | Create | Steppe Lancer |
| 15:48 | Build | Farm |
| 15:51 | Build | Farm |
| 15:53 | Create | Villager (Male) |
| 16:09 | Create | Steppe Lancer |
| 16:20 | Build | Farm |
| 16:21 | Build | Farm |
| 16:22 | Build | Farm |
| 16:29 | Build | House |
| 16:31 | Build | Farm |
| 16:33 | Create | Villager (Male) |
| 16:45 | Create | Steppe Lancer |
| 17:01 | Create | Villager (Male) |
| 17:11 | Build | Farm |
| 17:12 | Build | Farm |
| 17:14 | Create | Villager (Male) |
| 17:23 | Create | Steppe Lancer |
| 17:41 | Create | Villager (Male) |
| 17:48 | Build | Farm |
| 17:49 | Build | Farm |
| 17:51 | Create | Villager (Male) |
| 18:19 | Build | Town Center |
| 18:43 | Research | Chain Barding Armor |
| 18:44 | Create | Villager (Male) |
| 18:46 | Research | Loom |
| 19:13 | Create | Steppe Lancer |
| 19:20 | Create | Villager (Male) |
| 19:23 | Create | Villager (Male) |
| 19:26 | Build | Farm |
| 19:27 | Build | Farm |
| 19:38 | Create | Steppe Lancer |
| 19:39 | Create | Villager (Male) |
| 19:44 | Create | Steppe Lancer |
| 19:55 | Create | Villager (Male) |
| 19:55 | Create | Villager (Male) |
| 20:07 | Create | Villager (Male) |
| 20:10 | Build | Farm |
| 20:11 | Build | Farm |
| 20:13 | Create | Villager (Male) |
| 20:21 | Create | Villager (Male) |
| 20:25 | Build | Farm |
| 20:25 | Build | Farm |
| 20:27 | Build | Farm |
| 20:28 | Build | Farm |
| 20:37 | Create | Villager (Male) |
| 20:39 | Create | Villager (Male) |
| 20:43 | Build | Farm |
| 20:53 | Create | Steppe Lancer |
| 21:05 | Research | Bow Saw |
| 21:11 | Create | Villager (Male) |
| 21:20 | Create | Steppe Lancer |
| 21:27 | Create | Villager (Male) |
| 21:33 | Create | Villager (Male) |
| 21:37 | Create | Villager (Male) |
| 21:49 | Create | Steppe Lancer |
| 21:51 | Create | Steppe Lancer |
| 22:06 | Create | Villager (Male) |
| 22:07 | Build | House |
| 22:08 | Build | House |
| 22:09 | Build | House |
| 22:12 | Create | Villager (Male) |
| 22:14 | Create | Villager (Male) |
| 22:27 | Build | Town Center |
| 22:33 | Create | Villager (Male) |
| 22:39 | Create | Villager (Male) |
| 22:44 | Create | Steppe Lancer |
| 22:44 | Create | Steppe Lancer |
| 22:45 | Create | Steppe Lancer |
| 23:01 | Create | Villager (Male) |
| 23:03 | Create | Villager (Male) |
| 23:08 | Build | Farm |
| 23:10 | Build | Farm |
| 23:12 | Build | Farm |
| 23:16 | Build | Farm |
| 23:17 | Build | Mill |
| 23:18 | Build | Farm |
| 23:19 | Build | Farm |
| 23:20 | Create | Villager (Male) |
| 23:21 | Create | Villager (Male) |
| 23:35 | Build | House |
| 23:36 | Build | House |
| 23:41 | Create | Steppe Lancer |
| 23:42 | Research | Husbandry |
| 23:44 | Create | Villager (Male) |
| 23:48 | Create | Villager (Male) |
Build order — Long-Long-Way
First 150 of 170 actions detected
| 0:06 | Create | Villager (Male) |
| 0:06 | Create | Villager (Male) |
| 0:10 | Build | House |
| 0:20 | Create | Villager (Male) |
| 0:25 | Build | House |
| 0:31 | Create | Villager (Male) |
| 1:42 | Create | Villager (Male) |
| 2:11 | Build | Lumber Camp |
| 2:17 | Create | Villager (Male) |
| 2:40 | Create | Villager (Male) |
| 2:40 | Create | Villager (Male) |
| 3:08 | Create | Villager (Male) |
| 3:43 | Create | Villager (Male) |
| 3:43 | Create | Villager (Male) |
| 4:15 | Build | House |
| 4:20 | Create | Villager (Male) |
| 4:23 | Create | Villager (Male) |
| 4:23 | Create | Villager (Male) |
| 4:24 | Create | Villager (Male) |
| 5:12 | Create | Villager (Male) |
| 5:20 | Create | Villager (Male) |
| 5:41 | Build | House |
| 5:50 | Build | Mill |
| 5:58 | Create | Villager (Male) |
| 6:30 | Create | Villager (Male) |
| 6:43 | Create | Villager (Male) |
| 6:59 | Build | Farm |
| 7:00 | Create | Villager (Male) |
| 7:30 | Create | Villager (Male) |
| 7:57 | Create | Villager (Male) |
| 8:14 | Research | Feudal Age |
| 8:49 | Build | Barracks |
| 9:10 | Build | House |
| 10:15 | Build | House |
| 10:20 | Build | House |
| 10:36 | Build | Farm |
| 10:38 | Build | Farm |
| 10:40 | Age | Feudal Age |
| 10:43 | Create | Villager (Male) |
| 10:56 | Build | Stable |
| 11:02 | Create | Villager (Male) |
| 11:07 | Build | House |
| 11:14 | Create | Villager (Male) |
| 11:16 | Research | Double-Bit Axe |
| 11:17 | Create | Villager (Male) |
| 11:38 | Create | Scout Cavalry |
| 11:39 | Create | Scout Cavalry |
| 11:40 | Create | Villager (Male) |
| 11:45 | Build | House |
| 11:49 | Build | Blacksmith |
| 12:08 | Build | Farm |
| 12:23 | Create | Scout Cavalry |
| 12:30 | Build | Farm |
| 12:34 | Build | Farm |
| 12:47 | Create | Scout Cavalry |
| 12:56 | Build | House |
| 12:57 | Build | House |
| 13:00 | Create | Villager (Male) |
| 13:03 | Research | Loom |
| 13:16 | Create | Villager (Male) |
| 13:28 | Build | Farm |
| 13:29 | Build | Farm |
| 13:31 | Build | Farm |
| 13:32 | Create | Villager (Male) |
| 13:37 | Create | Scout Cavalry |
| 13:48 | Research | Scale Barding Armor |
| 13:49 | Research | Scale Barding Armor |
| 14:04 | Create | Scout Cavalry |
| 14:05 | Create | Villager (Male) |
| 14:08 | Build | Farm |
| 14:09 | Build | Farm |
| 14:28 | Create | Scout Cavalry |
| 14:29 | Create | Villager (Male) |
| 14:31 | Build | House |
| 14:33 | Build | House |
| 14:47 | Build | Farm |
| 14:48 | Build | Farm |
| 14:49 | Build | Farm |
| 14:50 | Create | Villager (Male) |
| 15:29 | Research | Forging |
| 15:30 | Research | Forging |
| 15:30 | Create | Villager (Male) |
| 15:34 | Build | House |
| 15:36 | Build | Farm |
| 15:39 | Build | Mining Camp |
| 15:40 | Create | Villager (Male) |
| 15:42 | Build | Farm |
| 15:54 | Create | Villager (Male) |
| 16:00 | Build | Farm |
| 16:01 | Build | Farm |
| 16:58 | Create | Villager (Male) |
| 17:01 | Build | Farm |
| 17:01 | Build | Farm |
| 17:13 | Create | Villager (Male) |
| 17:16 | Build | Farm |
| 17:39 | Build | Farm |
| 17:44 | Build | Farm |
| 17:45 | Build | Farm |
| 17:45 | Build | Farm |
| 18:07 | Create | Villager (Male) |
| 18:27 | Build | Farm |
| 18:47 | Research | Castle Age |
| 18:57 | Build | Stable |
| 19:45 | Research | Gold Mining |
| 19:57 | Build | House |
| 19:57 | Build | House |
| 21:27 | Age | Castle Age |
| 21:28 | Create | Knight |
| 21:29 | Create | Knight |
| 21:30 | Research | Husbandry |
| 21:31 | Research | Chain Barding Armor |
| 21:32 | Create | Villager (Male) |
| 21:34 | Research | Bow Saw |
| 21:40 | Create | Villager (Male) |
| 21:48 | Build | Town Center |
| 21:53 | Create | Knight |
| 21:54 | Create | Villager (Male) |
| 22:11 | Create | Villager (Male) |
| 22:22 | Create | Knight |
| 22:30 | Create | Knight |
| 22:32 | Create | Villager (Male) |
| 22:48 | Research | Wheelbarrow |
| 22:50 | Create | Villager (Male) |
| 23:11 | Create | Knight |
| 23:13 | Create | Villager (Male) |
| 23:16 | Create | Villager (Male) |
| 23:23 | Create | Villager (Male) |
| 23:30 | Build | Town Center |
| 23:34 | Build | House |
| 23:36 | Build | House |
| 23:37 | Create | Knight |
| 23:38 | Create | Villager (Male) ×4 |
| 23:50 | Create | Knight |
| 23:52 | Create | Villager (Male) |
| 23:52 | Create | Villager (Male) |
| 24:01 | Create | Villager (Male) |
| 24:04 | Build | Farm |
| 24:19 | Create | Knight |
| 24:24 | Create | Villager (Male) |
| 24:24 | Create | Villager (Male) |
| 24:25 | Create | Knight |
| 24:25 | Create | Knight |
| 24:32 | Build | Farm |
| 24:35 | Create | Villager (Male) |
| 24:36 | Create | Villager (Male) |
| 24:47 | Build | House |
| 24:49 | Build | House |
| 25:07 | Create | Villager (Male) |
| 25:07 | Create | Villager (Male) |
| 25:20 | Create | Villager (Male) |
Match timeline
| 7:35 | SKYRIM · first_building Barracks |
| 8:03 | LowEloTG · first_building Barracks |
| 8:23 | Fight2End&NoAfk · wall_segment Palisade Wall x1 |
| 8:23 | Fight2End&NoAfk · wall_segment Palisade Wall x1 |
| 8:25 | acyhjujaxuzjkt · age_up feudal |
| 8:46 | . · first_building Barracks |
| 8:47 | Fight2End&NoAfk · first_building Barracks |
| 8:49 | Long-Long-Way · first_building Barracks |
| 8:57 | LowEloTG · age_up feudal |
| 8:59 | LowEloTG · first_building Stable |
| 9:04 | TheGrainmaker · first_building Barracks |
| 9:07 | SKYRIM · age_up feudal |
| 9:10 | SKYRIM · first_building Archery Range |
| 9:26 | 芭比拍给我看看 · first_building Barracks |
| 9:36 | acyhjujaxuzjkt · wall_segment Palisade Wall x1 |
| 9:38 | Fight2End&NoAfk · age_up feudal |
| 9:43 | Fight2End&NoAfk · first_building Archery Range |
| 10:05 | TheGrainmaker · age_up feudal |
| 10:09 | . · age_up feudal |
| 10:17 | . · first_building Stable |
| 10:40 | Long-Long-Way · age_up feudal |
| 10:42 | TheGrainmaker · first_building Archery Range |
| 10:56 | Long-Long-Way · first_building Stable |
| 10:57 | 芭比拍给我看看 · age_up feudal |
| 11:02 | 芭比拍给我看看 · first_building Stable |
| 14:42 | TheGrainmaker · first_market_sell 100 stone |
| 14:43 | TheGrainmaker · first_market_buy 100 food |
| 15:18 | 芭比拍给我看看 · age_up castle |
| 15:27 | acyhjujaxuzjkt · wall_segment Stone Wall x4 |
| 15:39 | acyhjujaxuzjkt · age_up castle |
| 16:01 | acyhjujaxuzjkt · first_building Siege Workshop |
| 16:41 | . · age_up castle |
| 18:30 | LowEloTG · age_up castle |
| 21:27 | Long-Long-Way · age_up castle |
| 22:33 | TheGrainmaker · age_up castle |
| 22:40 | Fight2End&NoAfk · first_market_sell 100 food |
| 23:54 | SKYRIM · age_up castle |
| 23:59 | Fight2End&NoAfk · age_up castle |
| 26:02 | . · first_building Monastery |
| 26:10 | acyhjujaxuzjkt · first_building Castle |
| 26:52 | SKYRIM · resign |
[ AI ANALYSIS · 1 CREDIT ]
What really happened in this match?
Wolo.gg analyzes every decision: build order, eco, micro, common mistakes by bracket. Personalized analysis on WhatsApp or Discord in 30 seconds.
Civ guide
Saracens
Perfil
Jugador #356513